TOP OF THE 1ST |
University of North Carolina at Chapel Hill Tar Heels batting - Pitching for Vanderbilt University Commodores : LHP Hideo Komatsu
|
Pitching: LHP Hideo Komatsu
|
|
Batting: LHB Angelo Lira
|
0-0: SINGLE (Groundball, 15S, EV 75.0 MPH) (infield hit)
|
Batting: SHB Dan Strickland
|
0-0: Foul Ball, location: 2F 0-1: Grounds into double play, 4-6-3 (Groundball, 34, EV 86.9 MPH)
|
Batting: RHB Cesar Rendon
|
0-0: Ball 1-0: Called Strike 1-1: Ball 2-1: Ball 3-1: Foul Ball, location: 2F 3-2: Foul Ball, location: 2F 3-2: Foul Ball, location: 2F 3-2: Base on Balls
|
Batting: LHB Ramon Garduno
|
0-0: Foul Ball, location: 2F 0-1: Foul Ball, location: 2F 0-2: Ball 1-2: Strikes out swinging
|
Top of the 1st over - 0 runs, 1 hit, 0 errors, 1 left on base; University of North Carolina at Chapel Hill 0 - Vanderbilt University 0 |
BOTTOM OF THE 1ST |
Vanderbilt University Commodores batting - Pitching for University of North Carolina at Chapel Hill Tar Heels : RHP Brian Jarrett
|
Pitching: RHP Brian Jarrett
|
|
Batting: RHB Roger Mitchell
|
0-0: Ball 1-0: Ball 2-0: Ground out U3 (Groundball, 34S, EV 63.1 MPH)
|
Batting: RHB Joe Simmelink
|
0-0: SINGLE (Groundball, 6MS, EV 86.2 MPH) (infield hit)
|
Batting: LHB Jose Pereyra
|
0-0: Fielders Choice at 2nd, 1-6 (Groundball, 13S, EV 71.2 MPH)
|
Batting: LHB Jeremy Robertson
|
0-0: Called Strike 0-1: Ball Jose Pereyra steals 2nd base 1-1: Ball 2-1: Swinging Strike 2-2: Strikes out looking
|
Bottom of the 1st over - 0 runs, 1 hit, 0 errors, 1 left on base; University of North Carolina at Chapel Hill 0 - Vanderbilt University 0 |
TOP OF THE 2ND |
University of North Carolina at Chapel Hill Tar Heels batting - Pitching for Vanderbilt University Commodores : LHP Hideo Komatsu
|
Batting: RHB Akira Kubo
|
0-0: Foul Ball, location: 2F 0-1: Ball 1-1: Ground out 5-3 (Groundball, 5, EV 82.5 MPH)
|
Batting: LHB Danny de Leon
|
0-0: Swinging Strike 0-1: Called Strike 0-2: Ball 1-2: Fly out, F9 (Flyball, 9D, EV 98.1 MPH)
|
Batting: RHB Yasuoka Tsuda
|
0-0: Ball 1-0: Ball 2-0: Foul Ball, location: 2F 2-1: Ball 3-1: Swinging Strike 3-2: Base on Balls
|
Batting: RHB Jaylen Buckley
|
0-0: Called Strike 0-1: Ball 1-1: Ball 2-1: 2-RUN HOME RUN (Flyball, 9D, EV 96.2 MPH), Distance : 361 ft
|
Batting: LHB Ryan Fridley
|
0-0: Ball 1-0: Called Strike 1-1: Ball 2-1: Called Strike 2-2: TRIPLE (Flyball, 78XD, EV 99.4 MPH)
|
Batting: LHB Angelo Lira
|
0-0: Called Strike 0-1: Ball 1-1: Ground out 5-3 (Groundball, 56, EV 89.4 MPH)
|
Top of the 2nd over - 2 runs, 2 hits, 0 errors, 1 left on base; University of North Carolina at Chapel Hill 2 - Vanderbilt University 0 |
BOTTOM OF THE 2ND |
Vanderbilt University Commodores batting - Pitching for University of North Carolina at Chapel Hill Tar Heels : RHP Brian Jarrett
|
Batting: LHB Carlos Martinez
|
0-0: Ball 1-0: SINGLE (Line Drive, 78M, EV 96.9 MPH)
|
Batting: RHB Seth Fox
|
0-0: Ball 1-0: Hit by Pitch Carlos Martinez to second
|
Batting: RHB Itocravo Arrochela
|
0-0: Ball 1-0: Ball 2-0: Ball 3-0: Called Strike 3-1: Base on Balls Carlos Martinez to third Seth Fox to second
|
Batting: RHB Xavier Williams
|
0-0: Called Strike 0-1: Ball 1-1: Fly out, F9 (Flyball, 89M, EV 96.2 MPH) Runner from 3rd tags up, OUT at HOME! 9-2 Seth Fox to third Itocravo Arrochela to second
|
Batting: RHB Bart Stevensdick
|
0-0: Called Strike 0-1: Ball 1-1: Swinging Strike 1-2: Ball 2-2: Ground out 5-3 (Groundball, 56, EV 81.2 MPH)
|
Bottom of the 2nd over - 0 runs, 1 hit, 0 errors, 2 left on base; University of North Carolina at Chapel Hill 2 - Vanderbilt University 0 |
TOP OF THE 3RD |
University of North Carolina at Chapel Hill Tar Heels batting - Pitching for Vanderbilt University Commodores : LHP Hideo Komatsu
|
Batting: SHB Dan Strickland
|
0-0: Ball 1-0: Fly out, F8 (Flyball, 8RD, EV 91.9 MPH)
|
Batting: RHB Cesar Rendon
|
0-0: Ball 1-0: Ball 2-0: Foul Ball, location: 2F 2-1: Swinging Strike 2-2: Ball 3-2: Base on Balls
|
Batting: LHB Ramon Garduno
|
0-0: Ball 1-0: Called Strike 1-1: Ground out 6-3 (Groundball, P, EV 83.1 MPH) Cesar Rendon to second
|
Batting: RHB Akira Kubo
|
0-0: Foul Ball, location: 2F 0-1: Swinging Strike 0-2: Strikes out swinging
|
Top of the 3rd over - 0 runs, 0 hits, 0 errors, 1 left on base; University of North Carolina at Chapel Hill 2 - Vanderbilt University 0 |
BOTTOM OF THE 3RD |
Vanderbilt University Commodores batting - Pitching for University of North Carolina at Chapel Hill Tar Heels : RHP Brian Jarrett
|
Batting: RHB Roger Mitchell
|
0-0: Ball 1-0: Called Strike 1-1: Called Strike 1-2: Foul Ball, location: 2F 1-2: Strikes out swinging
|
Batting: RHB Joe Simmelink
|
0-0: Ball 1-0: Ball 2-0: Foul Ball, location: 2F 2-1: Ball 3-1: Foul Ball, location: 2F 3-2: SINGLE (Line Drive, 6D, EV 100.0 MPH)
|
Batting: LHB Jose Pereyra
|
0-0: Ball 1-0: Foul Ball, location: 2F 1-1: SINGLE (Groundball, 34D, EV 111.2 MPH) Joe Simmelink to second Runner from 2nd tries for 3rd, SAFE, no throw by RF
|
Batting: LHB Jeremy Robertson
|
0-0: Ball 1-0: DOUBLE (Line Drive, 3D, EV 95.6 MPH) Joe Simmelink scores Jose Pereyra to third
|
Batting: LHB Carlos Martinez
|
0-0: Ball 1-0: Ground out 5-3 (Groundball, 5, EV 83.1 MPH)
|
Batting: RHB Seth Fox
|
0-0: Ball 1-0: Foul Ball, location: 2F 1-1: Foul Ball, location: 2F 1-2: Foul Ball, location: 2F 1-2: Ground out 6-3 (Groundball, 6, EV 79.4 MPH)
|
Bottom of the 3rd over - 1 run, 3 hits, 0 errors, 2 left on base; University of North Carolina at Chapel Hill 2 - Vanderbilt University 1 |
TOP OF THE 4TH |
University of North Carolina at Chapel Hill Tar Heels batting - Pitching for Vanderbilt University Commodores : LHP Hideo Komatsu
|
Batting: LHB Danny de Leon
|
0-0: Ball 1-0: Swinging Strike 1-1: Ball 2-1: Ball 3-1: Base on Balls
|
Batting: RHB Yasuoka Tsuda
|
0-0: Called Strike 0-1: Foul Ball, location: 2F 0-2: Ball 1-2: Strikes out swinging
|
Batting: RHB Jaylen Buckley
|
Pickoff Throw to First - Out! 1-3 0-0: SINGLE (Groundball, 4D, EV 96.9 MPH)
|
Batting: LHB Ryan Fridley
|
0-0: Called Strike 0-1: Ball 1-1: Foul Ball, location: 2F 1-2: Ball 2-2: Strikes out swinging
|
Top of the 4th over - 0 runs, 1 hit, 0 errors, 1 left on base; University of North Carolina at Chapel Hill 2 - Vanderbilt University 1 |
BOTTOM OF THE 4TH |
Vanderbilt University Commodores batting - Pitching for University of North Carolina at Chapel Hill Tar Heels : RHP Brian Jarrett
|
Batting: RHB Itocravo Arrochela
|
0-0: Ball 1-0: Called Strike 1-1: Swinging Strike 1-2: Fly out, F8 (Flyball, 8LM, EV 86.9 MPH)
|
Batting: RHB Xavier Williams
|
0-0: Ball 1-0: Ball 2-0: Fly out, F8 (Flyball, 8RD, EV 101.2 MPH)
|
Batting: RHB Bart Stevensdick
|
0-0: Called Strike 0-1: Ball 1-1: Called Strike 1-2: Fly out, F7 (Flyball, 7S, EV 85.6 MPH)
|
Bottom of the 4th over - 0 runs, 0 hits, 0 errors, 0 left on base; University of North Carolina at Chapel Hill 2 - Vanderbilt University 1 |
TOP OF THE 5TH |
University of North Carolina at Chapel Hill Tar Heels batting - Pitching for Vanderbilt University Commodores : LHP Hideo Komatsu
|
Batting: LHB Angelo Lira
|
0-0: Ground out 4-3 (Groundball, 4, EV 87.5 MPH)
|
Batting: SHB Dan Strickland
|
0-0: Ball 1-0: Foul Ball, location: 2F 1-1: Ball 2-1: Ball 3-1: Base on Balls
|
Batting: RHB Cesar Rendon
|
0-0: Ball 1-0: SINGLE (Line Drive, 9S, EV 111.2 MPH) Dan Strickland to second
|
Batting: LHB Ramon Garduno
|
0-0: Called Strike 0-1: Ball 1-1: Ball 2-1: Ball 3-1: Foul Ball, location: 2F 3-2: Fly out, F2 (Popup, 2LF, EV 91.9 MPH)
|
Pitching: RHP Eric Simons
|
|
Batting: RHB Akira Kubo
|
0-0: SINGLE (Line Drive, 78M, EV 105.0 MPH) Dan Strickland to third Cesar Rendon to second Runner from 3rd tries for Home, SAFE, throw by CF to home
|
Batting: LHB Danny de Leon
|
0-0: Ball 1-0: Foul Ball, location: 2F 1-1: Foul Ball, location: 2F 1-2: Ball 2-2: Ground out 4-3 (Groundball, 4S, EV 68.1 MPH)
|
Top of the 5th over - 1 run, 2 hits, 0 errors, 2 left on base; University of North Carolina at Chapel Hill 3 - Vanderbilt University 1 |
BOTTOM OF THE 5TH |
Vanderbilt University Commodores batting - Pitching for University of North Carolina at Chapel Hill Tar Heels : RHP Brian Jarrett
|
Batting: RHB Roger Mitchell
|
0-0: Fly out, F8 (Line Drive, 8LM, EV 100.0 MPH)
|
Batting: RHB Joe Simmelink
|
0-0: Ball 1-0: Ground out 5-3 (Groundball, 56S, EV 82.5 MPH)
|
Pitching: LHP Mike Pierce
|
|
Batting: LHB Jose Pereyra
|
0-0: Ball 1-0: SOLO HOME RUN (Flyball, 78XD, EV 106.2 MPH), Distance : 406 ft
|
Batting: LHB Jeremy Robertson
|
0-0: Ball 1-0: Swinging Strike 1-1: Swinging Strike 1-2: Ball 2-2: Foul Ball, location: 2F 2-2: Ball 3-2: Base on Balls
|
Batting: LHB Carlos Martinez
|
0-0: Ball 1-0: Ball 2-0: Ball 3-0: Base on Balls Jeremy Robertson to second
|
Batting: RHB Seth Fox
|
0-0: Fielders Choice at 2nd, 6-4 (Groundball, 6, EV 108.8 MPH)
|
Bottom of the 5th over - 1 run, 1 hit, 0 errors, 2 left on base; University of North Carolina at Chapel Hill 3 - Vanderbilt University 2 |
TOP OF THE 6TH |
University of North Carolina at Chapel Hill Tar Heels batting - Pitching for Vanderbilt University Commodores : RHP Eric Simons
|
Batting: RHB Yasuoka Tsuda
|
0-0: Ground out U3 (Groundball, 34, EV 78.8 MPH)
|
Batting: RHB Jaylen Buckley
|
0-0: Ball 1-0: Foul Ball, location: 2F 1-1: Ball 2-1: Ball 3-1: Base on Balls
|
Batting: LHB Ryan Fridley
|
0-0: Foul Ball, location: 2F 0-1: Ball 1-1: Swinging Strike 1-2: Foul Ball, location: 2F 1-2: Strikes out swinging
|
Batting: LHB Angelo Lira
|
0-0: Called Strike 0-1: Called Strike 0-2: Ball 1-2: Ball 2-2: Ball 3-2: Base on Balls Jaylen Buckley to second
|
Batting: SHB Dan Strickland
|
0-0: Ball 1-0: Called Strike 1-1: Foul Ball, location: 2F 1-2: Ball 2-2: Ball 3-2: Base on Balls Jaylen Buckley to third Angelo Lira to second
|
Batting: RHB Cesar Rendon
|
0-0: Called Strike 0-1: Foul Ball, location: 2F 0-2: Ball 1-2: Ball 2-2: Ball 3-2: Foul Ball, location: 2F 3-2: Foul Ball, location: 2F 3-2: Foul Ball, location: 2F 3-2: Ground out 6-3 (Groundball, 6S, EV 87.5 MPH)
|
Top of the 6th over - 0 runs, 0 hits, 0 errors, 3 left on base; University of North Carolina at Chapel Hill 3 - Vanderbilt University 2 |
BOTTOM OF THE 6TH |
Vanderbilt University Commodores batting - Pitching for University of North Carolina at Chapel Hill Tar Heels : LHP Mike Pierce
|
Batting: RHB Itocravo Arrochela
|
0-0: Fly out, F9 (Flyball, 9S, EV 91.9 MPH)
|
Batting: RHB Xavier Williams
|
0-0: Ball 1-0: Foul Ball, location: 2F 1-1: Ball 2-1: Foul Ball, location: 2F 2-2: Foul Ball, location: 2F 2-2: DOUBLE (Line Drive, 7LS, EV 113.8 MPH)
|
Batting: RHB Bart Stevensdick
|
0-0: Ball 1-0: Ball 2-0: Swinging Strike 2-1: Swinging Strike 2-2: Strikes out swinging
|
Pitching: RHP Tony Nateras
|
|
Batting: LHB Antonio Sandoval
|
0-0: Ball 1-0: Ground out U3 (Groundball, 3, EV 82.5 MPH)
|
Bottom of the 6th over - 0 runs, 1 hit, 0 errors, 1 left on base; University of North Carolina at Chapel Hill 3 - Vanderbilt University 2 |
TOP OF THE 7TH |
University of North Carolina at Chapel Hill Tar Heels batting - Pitching for Vanderbilt University Commodores : RHP Eric Simons
|
Pitching: RHP Benito de la Torre
|
|
Batting: LHB Ramon Garduno
|
0-0: Foul Ball, location: 2F 0-1: Ball 1-1: Ground out 6-3 (Groundball, 6, EV 87.5 MPH)
|
Batting: RHB Akira Kubo
|
0-0: SINGLE (Groundball, 56D, EV 94.4 MPH)
|
Batting: LHB Danny de Leon
|
0-0: Ball 1-0: Fly out, F9 (Flyball, 9D, EV 86.2 MPH)
|
Batting: RHB Yasuoka Tsuda
|
0-0: Ball Wild Pitch! Akira Kubo to second 1-0: Called Strike 1-1: Foul Ball, location: 2F 1-2: Ball 2-2: Strikes out swinging
|
Top of the 7th over - 0 runs, 1 hit, 0 errors, 1 left on base; University of North Carolina at Chapel Hill 3 - Vanderbilt University 2 |
BOTTOM OF THE 7TH |
Vanderbilt University Commodores batting - Pitching for University of North Carolina at Chapel Hill Tar Heels : RHP Tony Nateras
|
Batting: RHB Joe Simmelink
|
0-0: Ball 1-0: Fly out, F8 (Flyball, 8LD, EV 107.5 MPH)
|
Batting: LHB Jose Pereyra
|
0-0: Called Strike 0-1: Ball 1-1: Foul Ball, location: 2F 1-2: Foul Ball, location: 2F 1-2: Ball 2-2: Ball 3-2: Foul Ball, location: 2F 3-2: Fly out, F8 (Flyball, 8LM, EV 85.6 MPH)
|
Batting: LHB Jeremy Robertson
|
0-0: Foul Ball, location: 2F 0-1: Swinging Strike 0-2: SINGLE (Line Drive, 56D, EV 94.4 MPH)
|
Batting: LHB Carlos Martinez
|
0-0: Ball 1-0: Fly out, F8 (Flyball, 89M, EV 86.2 MPH)
|
Bottom of the 7th over - 0 runs, 1 hit, 0 errors, 1 left on base; University of North Carolina at Chapel Hill 3 - Vanderbilt University 2 |
TOP OF THE 8TH |
University of North Carolina at Chapel Hill Tar Heels batting - Pitching for Vanderbilt University Commodores : RHP Benito de la Torre
|
Batting: RHB Jaylen Buckley
|
0-0: Ball 1-0: Foul Ball, location: 2F 1-1: Called Strike 1-2: Strikes out swinging
|
Batting: LHB Ryan Fridley
|
0-0: Ball 1-0: Fly out, F7 (Flyball, 78D, EV 91.9 MPH)
|
Batting: LHB Angelo Lira
|
0-0: Foul Ball, location: 2F 0-1: Ball 1-1: Ball 2-1: Foul Ball, location: 2F 2-2: Ground out 1-3 (Groundball, 15S, EV 63.1 MPH)
|
Top of the 8th over - 0 runs, 0 hits, 0 errors, 0 left on base; University of North Carolina at Chapel Hill 3 - Vanderbilt University 2 |
BOTTOM OF THE 8TH |
Vanderbilt University Commodores batting - Pitching for University of North Carolina at Chapel Hill Tar Heels : RHP Tony Nateras
|
Pitching: RHP Sean Jordan
|
|
Batting: RHB Seth Fox
|
0-0: Foul Ball, location: 2F 0-1: Fly out, F5 (Line Drive, 5L, EV 83.1 MPH)
|
Batting: RHB Itocravo Arrochela
|
0-0: Foul Ball, location: 2F 0-1: Swinging Strike 0-2: Foul Ball, location: 2F 0-2: Ball 1-2: TRIPLE (Flyball, 7D, EV 103.8 MPH)
|
Batting: RHB Xavier Williams
|
0-0: Called Strike 0-1: Ball 1-1: Ball 2-1: Foul Ball, location: 2F 2-2: Foul Ball, location: 2F 2-2: Ball 3-2: Foul Ball, location: 2F 3-2: Fly out, F8 (Flyball, 8LM, EV 92.5 MPH) Runner from 3rd tags up, SCORES, throw by CF
|
Batting: RHB Bart Stevensdick
|
0-0: Fly out, F7 (Flyball, 7S, EV 81.2 MPH)
|
Bottom of the 8th over - 1 run, 1 hit, 0 errors, 0 left on base; University of North Carolina at Chapel Hill 3 - Vanderbilt University 3 |
TOP OF THE 9TH |
University of North Carolina at Chapel Hill Tar Heels batting - Pitching for Vanderbilt University Commodores : RHP Benito de la Torre
|
Pitching: RHP Jason McCaw
|
|
Batting: SHB Dan Strickland
|
0-0: Ground out 5-3 (Groundball, 56S, EV 89.4 MPH)
|
Batting: RHB Cesar Rendon
|
0-0: Ball 1-0: DOUBLE (Line Drive, 8LD, EV 101.9 MPH)
|
Batting: LHB Ramon Garduno
|
0-0: Ball 1-0: Swinging Strike 1-1: Ball 2-1: Foul Ball, location: 2F 2-2: Strikes out swinging
|
Batting: RHB Akira Kubo
|
0-0: Ball 1-0: Called Strike 1-1: Fly out, F8 (Flyball, 8RD, EV 91.9 MPH)
|
Top of the 9th over - 0 runs, 1 hit, 0 errors, 1 left on base; University of North Carolina at Chapel Hill 3 - Vanderbilt University 3 |
BOTTOM OF THE 9TH |
Vanderbilt University Commodores batting - Pitching for University of North Carolina at Chapel Hill Tar Heels : RHP Sean Jordan
|
Batting: LHB Antonio Sandoval
|
0-0: Ball 1-0: Swinging Strike 1-1: Foul Ball, location: 2F 1-2: Reached on error, E3 (Groundball, 34, EV 110.0 MPH)
|
Batting: RHB Joe Simmelink
|
0-0: Ball 1-0: Sac Bunt to 5S - play at first, batter OUT! 5-4 Antonio Sandoval to second
|
Pinch Hitting: RHB Austin Sweetman
|
0-0: Ball 1-0: SINGLE (Groundball, 4MS, EV 69.4 MPH) (infield hit) Antonio Sandoval to third
|
Batting: LHB Jeremy Robertson
|
0-0: Foul Ball, location: 2F 0-1: Foul Ball, location: 2F 0-2: Ball 1-2: Ball 2-2: Foul Ball, location: 2F 2-2: Foul Ball, location: 2F 2-2: Fly out, F8 (Flyball, 8LD, EV 95.0 MPH) Runner from 3rd tags up, SCORES, throw by CF
|
Bottom of the 9th over - 1 run, 1 hit, 1 error, 1 left on base; University of North Carolina at Chapel Hill 3 - Vanderbilt University 4 |
|